TOP OF THE 1ST |
Calgary Cowboys batting - Pitching for Spokane Trappers : RHP Júlio Quintana
|
Pitching: RHP Júlio Quintana
|
|
Batting: RHB César Rodríguez
|
0-0: Swinging Strike 0-1: Called Strike 0-2: Ball 1-2: Strikes out swinging
|
Batting: LHB Del Kennedy
|
0-0: Called Strike 0-1: Ball 1-1: SOLO HOME RUN (Flyball, 9LD), Distance : 349 ft
|
Batting: RHB Dan Wyatt
|
0-0: Called Strike 0-1: Ball 1-1: Foul Ball, location: 2F 1-2: Foul Ball, location: 2F 1-2: Ball 2-2: Ball 3-2: Foul Ball, location: 2F 3-2: Strikes out looking
|
Batting: LHB Miguel Pérez
|
0-0: Ball 1-0: Ball 2-0: Foul Ball, location: 2F 2-1: Fly out, F4 (Line Drive, 34)
|
Top of the 1st over - 1 run(s), 1 hit(s), 0 error(s), 0 left on base; Calgary 1 - Spokane 0 |
BOTTOM OF THE 1ST |
Spokane Trappers batting - Pitching for Calgary Cowboys : RHP Ron Chapman
|
Pitching: RHP Ron Chapman
|
|
Batting: LHB Pedro Camacho
|
0-0: Ball 1-0: Ground out 4-3 (Groundball, 4)
|
Batting: LHB Jaime Padilla
|
0-0: SINGLE (Groundball, 4MD)
|
Batting: RHB Jeremy Carr
|
0-0: Called Strike 0-1: Ball 1-1: Swinging Strike 1-2: Ball 2-2: Ball 3-2: Strikes out swinging
|
Batting: RHB Enrique Soto
|
0-0: Ball 1-0: Ball 2-0: Foul Ball, location: 2F 2-1: Called Strike 2-2: Fly out, F9 (Flyball, 9S)
|
Bottom of the 1st over - 0 run(s), 1 hit(s), 0 error(s), 1 left on base; Calgary 1 - Spokane 0 |
TOP OF THE 2ND |
Calgary Cowboys batting - Pitching for Spokane Trappers : RHP Júlio Quintana
|
Batting: RHB Jorge Balencia
|
0-0: Ball 1-0: Ball 2-0: Called Strike 2-1: Called Strike 2-2: Ground out 6-3 (Groundball, 6)
|
Batting: LHB Freddy Herrera
|
0-0: Called Strike 0-1: Foul Ball, location: 2F 0-2: Strikes out swinging
|
Batting: RHB Travis Colbert
|
0-0: Ball 1-0: Foul Ball, location: 2F 1-1: Called Strike 1-2: Ball 2-2: Strikes out swinging
|
Top of the 2nd over - 0 run(s), 0 hit(s), 0 error(s), 0 left on base; Calgary 1 - Spokane 0 |
BOTTOM OF THE 2ND |
Spokane Trappers batting - Pitching for Calgary Cowboys : RHP Ron Chapman
|
Batting: RHB Enrico Rodríguez
|
0-0: Called Strike 0-1: Swinging Strike 0-2: Ball 1-2: SINGLE (Line Drive, 78S)
|
Batting: RHB John Craig
|
0-0: Swinging Strike 0-1: SINGLE (Line Drive, 89M) Enrico Rodríguez to second
|
Batting: LHB Cisco Villanueva
|
0-0: Ball 1-0: Ball 2-0: Swinging Strike 2-1: Ball 3-1: Fielders Choice at 2nd, 4-6 (Groundball, 4) Enrico Rodríguez to third
|
Batting: RHB Enrique Mendoza
|
0-0: Ball Cisco Villanueva steals 2nd base 1-0: Fly out, F3 (Line Drive, 34)
|
Batting: RHB António Martínez
|
0-0: Ground out 6-3 (Groundball, 6S)
|
Bottom of the 2nd over - 0 run(s), 2 hit(s), 0 error(s), 2 left on base; Calgary 1 - Spokane 0 |
TOP OF THE 3RD |
Calgary Cowboys batting - Pitching for Spokane Trappers : RHP Júlio Quintana
|
Batting: RHB Shayne Burry
|
0-0: Swinging Strike 0-1: Ball 1-1: Fly out, F8 (Flyball, 8LM)
|
Batting: RHB Mario Sánchez
|
0-0: Bunt for hit - play at first, batter safe!
|
Batting: RHB César Rodríguez
|
0-0: Foul Ball, location: 2F 0-1: Ball 1-1: Ball 2-1: Grounds into double play, 6-4-3 (Groundball, 6)
|
Top of the 3rd over - 0 run(s), 1 hit(s), 0 error(s), 0 left on base; Calgary 1 - Spokane 0 |
BOTTOM OF THE 3RD |
Spokane Trappers batting - Pitching for Calgary Cowboys : RHP Ron Chapman
|
Batting: LHB Pedro Camacho
|
0-0: Ball 1-0: Ball 2-0: Foul Ball, location: 2F 2-1: Foul Ball, location: 2F 2-2: Foul Ball, location: 2F 2-2: Ball 3-2: Foul Ball, location: 2F 3-2: Base on Balls
|
Batting: LHB Jaime Padilla
|
0-0: Fly out, F5 (Line Drive, 56)
|
Batting: RHB Jeremy Carr
|
0-0: Ball 1-0: Ball Pedro Camacho steals 2nd base 2-0: Called Strike 2-1: Ball 3-1: Foul Ball, location: 2F 3-2: Base on Balls
|
Batting: RHB Enrique Soto
|
0-0: SINGLE (Groundball, 56D) Pedro Camacho to third Jeremy Carr to second Runner from 3rd tries for Home, SAFE, no throw
|
Batting: RHB Enrico Rodríguez
|
0-0: Ball 1-0: Foul Ball, location: 2F 1-1: Swinging Strike 1-2: Ball 2-2: Foul Ball, location: 2F 2-2: Ball 3-2: Foul Ball, location: 2F 3-2: Strikes out swinging
|
Batting: RHB John Craig
|
0-0: Called Strike 0-1: Foul Ball, location: 2F 0-2: Ball 1-2: Ball 2-2: SINGLE (Flyball, 89S) Jeremy Carr to third Enrique Soto to second Runner from 3rd tries for Home, SAFE, no throw
|
Batting: LHB Cisco Villanueva
|
0-0: Foul Ball, location: 2F 0-1: Swinging Strike 0-2: Foul Ball, location: 2F 0-2: Foul Ball, location: 2F 0-2: Fly out, F8 (Flyball, 8RS)
|
Bottom of the 3rd over - 2 run(s), 2 hit(s), 0 error(s), 2 left on base; Calgary 1 - Spokane 2 |
TOP OF THE 4TH |
Calgary Cowboys batting - Pitching for Spokane Trappers : RHP Júlio Quintana
|
Batting: LHB Del Kennedy
|
0-0: Foul Ball, location: 2F 0-1: Ball 1-1: Fly out, F5 (Popup, 5L)
|
Batting: RHB Dan Wyatt
|
0-0: Ball 1-0: Foul Ball, location: 2F 1-1: SINGLE (Flyball, 7LS)
|
Batting: LHB Miguel Pérez
|
0-0: Called Strike 0-1: Called Strike 0-2: Strikes out swinging
|
Batting: RHB Jorge Balencia
|
0-0: Called Strike 0-1: Ball 1-1: Ball 2-1: Foul Ball, location: 2F 2-2: Foul Ball, location: 2F 2-2: 2-RUN HOME RUN (Flyball, 7D), Distance : 362 ft
|
Batting: LHB Freddy Herrera
|
0-0: Called Strike 0-1: Ball 1-1: Ground out 4-3 (Groundball, 4S)
|
Top of the 4th over - 2 run(s), 2 hit(s), 0 error(s), 0 left on base; Calgary 3 - Spokane 2 |
BOTTOM OF THE 4TH |
Spokane Trappers batting - Pitching for Calgary Cowboys : RHP Ron Chapman
|
Batting: RHB Enrique Mendoza
|
0-0: Ball 1-0: Ball 2-0: SINGLE (Line Drive, 4MD)
|
Batting: RHB António Martínez
|
0-0: Foul Ball, location: 2F 0-1: Ball 1-1: Ball 2-1: Foul Ball, location: 2F 2-2: Strikes out swinging
|
Batting: LHB Pedro Camacho
|
0-0: Ball 1-0: Fly out, F9 (Flyball, 89S)
|
Batting: LHB Jaime Padilla
|
0-0: Ball 1-0: Foul Ball, location: 2F 1-1: SINGLE (Flyball, 8RS) Enrique Mendoza to second
|
Batting: RHB Jeremy Carr
|
0-0: Called Strike 0-1: Ball 1-1: Ball 2-1: SINGLE (Flyball, 9LS) Enrique Mendoza to third Jaime Padilla to second Runner from 3rd tries for Home, SAFE, no throw
|
Batting: RHB Enrique Soto
|
0-0: Foul Ball, location: 2F 0-1: Ball 1-1: Fly out, F7 (Flyball, 78S)
|
Bottom of the 4th over - 1 run(s), 3 hit(s), 0 error(s), 2 left on base; Calgary 3 - Spokane 3 |
TOP OF THE 5TH |
Calgary Cowboys batting - Pitching for Spokane Trappers : RHP Júlio Quintana
|
Batting: RHB Travis Colbert
|
0-0: Fly out, F9 (Flyball, 9)
|
Batting: RHB Shayne Burry
|
0-0: Foul Ball, location: 2F 0-1: Ball 1-1: Foul Ball, location: 2F 1-2: Ball 2-2: Ball 3-2: Foul Ball, location: 2F 3-2: Foul Ball, location: 2F 3-2: Base on Balls
|
Batting: RHB Mario Sánchez
|
0-0: Called Strike 0-1: Called Strike 0-2: Fly out, F9 (Line Drive, 9)
|
Batting: RHB César Rodríguez
|
0-0: Foul Ball, location: 2F 0-1: Fly out, F9 (Flyball, 9LS)
|
Top of the 5th over - 0 run(s), 0 hit(s), 0 error(s), 1 left on base; Calgary 3 - Spokane 3 |
BOTTOM OF THE 5TH |
Spokane Trappers batting - Pitching for Calgary Cowboys : RHP Ron Chapman
|
Pitching: RHP Bert Killick
|
|
Batting: RHB Enrico Rodríguez
|
0-0: Ball 1-0: Swinging Strike 1-1: SOLO HOME RUN (Flyball, 9D), Distance : 387 ft
|
Batting: RHB John Craig
|
0-0: Called Strike 0-1: Ball 1-1: Ball 2-1: Foul Ball, location: 2F 2-2: Ball 3-2: Foul Ball, location: 2F 3-2: Base on Balls
|
Batting: LHB Cisco Villanueva
|
0-0: Ball 1-0: Called Strike 1-1: Ball 2-1: Ball 3-1: Swinging Strike 3-2: Strikes out swinging
|
Batting: RHB Enrique Mendoza
|
0-0: Fly out, F7 (Flyball, 7)
|
Batting: RHB António Martínez
|
0-0: Foul Ball, location: 2F 0-1: Called Strike 0-2: Strikes out swinging
|
Bottom of the 5th over - 1 run(s), 1 hit(s), 0 error(s), 1 left on base; Calgary 3 - Spokane 4 |
TOP OF THE 6TH |
Calgary Cowboys batting - Pitching for Spokane Trappers : RHP Júlio Quintana
|
Batting: LHB Del Kennedy
|
0-0: Ball 1-0: Called Strike 1-1: Foul Ball, location: 2F 1-2: Foul Ball, location: 2F 1-2: Ground out 1-3 (Groundball, 13)
|
Batting: RHB Dan Wyatt
|
0-0: Called Strike 0-1: Ball 1-1: Ball 2-1: Ball 3-1: Fly out, F8 (Flyball, 8LXD)
|
Batting: LHB Miguel Pérez
|
0-0: Called Strike 0-1: Fly out, F8 (Line Drive, 8LM)
|
Top of the 6th over - 0 run(s), 0 hit(s), 0 error(s), 0 left on base; Calgary 3 - Spokane 4 |
BOTTOM OF THE 6TH |
Spokane Trappers batting - Pitching for Calgary Cowboys : RHP Bert Killick
|
Batting: LHB Pedro Camacho
|
0-0: Ball 1-0: Called Strike 1-1: Called Strike 1-2: Ball 2-2: Ball 3-2: Base on Balls
|
Batting: LHB Jaime Padilla
|
0-0: Called Strike 0-1: Foul Ball, location: 2F 0-2: Ball 1-2: Strikes out swinging
|
Batting: RHB Jeremy Carr
|
0-0: Foul Ball, location: 2F 0-1: 2-RUN HOME RUN (Flyball, 7D), Distance : 365 ft
|
Pitching: RHP Pedro Leal
|
|
Batting: RHB Enrique Soto
|
0-0: Ground out 6-3 (Groundball, 56)
|
Batting: RHB Enrico Rodríguez
|
0-0: Ball 1-0: Ball 2-0: Fly out, F8 (Line Drive, 8LM)
|
Bottom of the 6th over - 2 run(s), 1 hit(s), 0 error(s), 0 left on base; Calgary 3 - Spokane 6 |
TOP OF THE 7TH |
Calgary Cowboys batting - Pitching for Spokane Trappers : RHP Júlio Quintana
|
Batting: RHB Jorge Balencia
|
0-0: Foul Ball, location: 2F 0-1: SINGLE (Line Drive, 8RS)
|
Pitching: LHP Júlio Hernández
|
|
Batting: LHB Freddy Herrera
|
0-0: Ball 1-0: Called Strike 1-1: Called Strike 1-2: Strikes out looking
|
Batting: RHB Travis Colbert
|
0-0: Ball 1-0: Swinging Strike 1-1: Ball 2-1: Swinging Strike 2-2: Strikes out swinging
|
Batting: RHB Shayne Burry
|
0-0: Called Strike 0-1: Ball 1-1: Called Strike 1-2: Ball Jorge Balencia is caught stealing 2nd base
|
Top of the 7th over - 0 run(s), 1 hit(s), 0 error(s), 0 left on base; Calgary 3 - Spokane 6 |
BOTTOM OF THE 7TH |
Spokane Trappers batting - Pitching for Calgary Cowboys : RHP Pedro Leal
|
Batting: RHB John Craig
|
0-0: Ball 1-0: Foul Ball, location: 2F 1-1: Foul Ball, location: 2F 1-2: Fly out, F7 (Flyball, 7D)
|
Batting: LHB Cisco Villanueva
|
0-0: Ball 1-0: Ground out 6-3 (Groundball, 6M)
|
Batting: RHB Enrique Mendoza
|
0-0: Called Strike 0-1: Foul Ball, location: 2F 0-2: Foul Ball, location: 2F 0-2: Strikes out looking
|
Bottom of the 7th over - 0 run(s), 0 hit(s), 0 error(s), 0 left on base; Calgary 3 - Spokane 6 |
TOP OF THE 8TH |
Calgary Cowboys batting - Pitching for Spokane Trappers : LHP Júlio Hernández
|
Batting: RHB Shayne Burry
|
0-0: Called Strike 0-1: Ball 1-1: Foul Ball, location: 2F 1-2: Ball 2-2: Foul Ball, location: 2F 2-2: Foul Ball, location: 2F 2-2: Fly out, F6 (Popup, 6D)
|
Batting: RHB Mario Sánchez
|
0-0: Ball 1-0: Ball 2-0: Ball 3-0: Foul Ball, location: 2F 3-1: Called Strike 3-2: Strikes out swinging
|
Batting: RHB César Rodríguez
|
0-0: Ball 1-0: Foul Ball, location: 2F 1-1: Reached via error on a dropped throw, E3
|
Batting: LHB Del Kennedy
|
0-0: Called Strike 0-1: Ball 1-1: Called Strike 1-2: Foul Ball, location: 2F 1-2: Ball 2-2: Foul Ball, location: 2F 2-2: Strikes out swinging
|
Top of the 8th over - 0 run(s), 0 hit(s), 1 error(s), 1 left on base; Calgary 3 - Spokane 6 |
BOTTOM OF THE 8TH |
Spokane Trappers batting - Pitching for Calgary Cowboys : RHP Pedro Leal
|
Batting: RHB António Martínez
|
0-0: Ball 1-0: Swinging Strike 1-1: DOUBLE (Flyball, 7LM)
|
Batting: LHB Pedro Camacho
|
0-0: Intentional Walk
|
Batting: LHB Jaime Padilla
|
0-0: Sac Bunt - play at first, batter OUT! 2-3 António Martínez to third Pedro Camacho to second
|
Batting: RHB Jeremy Carr
|
0-0: Intentional Walk
|
Batting: RHB Enrique Soto
|
0-0: SINGLE (Line Drive, 6MD) António Martínez scores Pedro Camacho to third Jeremy Carr to second Runner from 3rd tries for Home, SAFE, no throw
|
Pitching: RHP Mitsunari Jouda
|
|
Batting: RHB Enrico Rodríguez
|
0-0: Foul Ball, location: 2F 0-1: Ball 1-1: Ball 2-1: Ball Passed Ball! Jeremy Carr to third Enrique Soto to second 3-1: Base on Balls
|
Batting: RHB John Craig
|
0-0: Ball 1-0: Ball 2-0: Ball 3-0: Base on Balls Jeremy Carr scores Enrique Soto to third Enrico Rodríguez to second
|
Batting: LHB Cisco Villanueva
|
0-0: Fielders Choice at 2nd, 6-4 (Groundball, 6) Enrique Soto scores Enrico Rodríguez to third
|
Batting: RHB Enrique Mendoza
|
0-0: Fielders Choice at 2nd, 5-4 (Groundball, 56)
|
Bottom of the 8th over - 4 run(s), 2 hit(s), 0 error(s), 1 left on base; Calgary 3 - Spokane 10 |
TOP OF THE 9TH |
Calgary Cowboys batting - Pitching for Spokane Trappers : LHP Júlio Hernández
|
Now at 1B: Alan Moore
|
|
Pinch Hitting: RHB Derek Carr
|
0-0: Called Strike 0-1: Foul Ball, location: 2F 0-2: Ball 1-2: Strikes out swinging, 2-3 out at first.
|
Batting: LHB Miguel Pérez
|
0-0: Ball 1-0: Foul Ball, location: 2F 1-1: SINGLE (Line Drive, 89M)
|
Pitching: RHP Ching-wei Zi
|
|
Batting: RHB Jorge Balencia
|
0-0: Called Strike 0-1: Ball 1-1: Fly out, F8 (Flyball, 8LD)
|
Batting: LHB Freddy Herrera
|
0-0: Ball 1-0: Ball 2-0: Called Strike 2-1: Foul Ball, location: 2F 2-2: Ball 3-2: Base on Balls Miguel Pérez to second
|
Batting: RHB Travis Colbert
|
0-0: Ball 1-0: Swinging Strike 1-1: Foul Ball, location: 2F 1-2: Strikes out swinging
|
Top of the 9th over - 0 run(s), 1 hit(s), 0 error(s), 2 left on base; Calgary 3 - Spokane 10 |
|